 Dungeon Crawl Stone Soup version 0.28-a0-899-gf2b78a14d2 (webtiles) character file.

Game seed: 14414829124923895369

325582 EnegeticOcto the Hoplite (level 20, -7/193 HPs)
             Began as a Grey Draconian Abyssal Knight on Nov 23, 2021.
             Was the Champion of Lugonu.
             Mangled by a deep troll (14 damage)
             ... led by an ironbound preserver
             ... while paralysed by a great orb of eyes
             ... on level 3 of the Vaults.
             The game lasted 01:25:36 (58570 turns).

EnegeticOcto the Hoplite (DrAK)                    Turns: 58570, Time: 01:25:37

Health: -7/193     AC: 27    Str: 22    XL:     20   Next: 74%
Magic:  32/32      EV:  2    Int: 20    God:    Lugonu [******]
Gold:   470        SH:  0    Dex: 22    Spells: 22/35 levels left

rFire   + . .      SeeInvis .   V - +6 eveningstar (vamp)
rCold   + + +      Faith    .   F - +7 tower shield {rC+}
rNeg    . . .      Spirit   .   (armour unavailable)
rPois   .          Reflect  .   (helmet restricted)
rElec   +          Harm     .   u - +2 cloak
rCorr   +          Rampage  .   h - +1 pair of gloves {Dex+3}
Will    ++...      Clarity  +   o - +2 pair of boots
Stlth   ++........              U - amulet of the Air {Inacc Air Fly rElec RMsl}
HPRegen 0.42/turn               P - ring "Ycuha" {rF+ rC++ AC+4 Str+2, =R}
MPRegen 0.23/turn               r - ring "Rodogip" {Will+ rCorr Str+6 Int+6}

@: paralysed, flying, repel missiles
A: AC +15, amphibious, unfitting armour, cold-blooded, antennae 1, agile 1,
clarity, weak 1
}: 2/15 runes: barnacled, gossamer
a: Renounce Religion, Depart the Abyss, Bend Space, Banish, Corrupt, Enter the
Abyss, Brand Weapon With Distortion


You were on level 3 of the Vaults.
You worshipped Lugonu.
Lugonu was exalted by your worship.
You visited 7 branches of the dungeon, and saw 37 of its levels.
You visited the Abyss 1 time.
You visited 1 bazaar.
You also visited: Ice Cave, Volcano and Desolation.

You collected 7043 gold pieces.
You spent 6573 gold pieces at shops.

Inventory:

Hand Weapons
 a - the +6 shillelagh "Devastator" {shatter}
   (You bought it in a shop on level 2 of the Orcish Mines)

   It releases a powerful concussive burst when it strikes, dealing extra damage
   to the target and all other foes adjacent to them.
 b - the +8 whip "Snakebite" {venom, curare, rPois}
   (You found it on level 5 of the Lair of Beasts)

   It poisons the flesh of those it strikes.
   It occasionally inflicts asphyxiating poison on those it strikes, dealing
   poison damage and causing slowness.
   rPois:     It protects you from poison.
 V - a +6 vampiric eveningstar (weapon)
   (You subdued it on level 2 of the Elven Halls)
Missiles
 i - 8 curare-tipped darts (quivered)
 s - 14 throwing nets {!f}
Armour
 h - a +1 pair of gloves of dexterity (worn)
   (You found it in the Desolation of Salt)
 o - a +2 pair of boots (worn)
   (You found it on level 3 of the Dungeon)
 u - a +2 cloak (worn)
   (You found it on level 10 of the Dungeon)
 F - a +7 tower shield of cold resistance (worn)
   (You found it in an ice cave)
Jewellery
 e - an amulet of regeneration
   (You bought it in a shop in a bazaar)
 n - the ring "Rimnies" {rF++ rN+ Str+4 Int-2 SInv}
   (You found it in the Desolation of Salt)

   [ring of positive energy]

   Str:       It affects your strength (+4).
   Int:       It affects your intelligence (-2).
   rF:        It greatly protects you from fire.
   rN:        It protects you from negative energy.
   SInv:      It lets you see invisible.
 r - the ring "Rodogip" (right hand) {Will+ rCorr Str+6 Int+6}
   (You acquired it on level 1 of the Elven Halls)

   [ring of strength]

   Str:       It affects your strength (+6).
   Int:       It affects your intelligence (+6).
   rCorr:     It protects you from acid and corrosion.
   Will:      It increases your willpower.
 M - the ring of Zucwak {rF+ rC+ rN+ Will- Int+6 Dex+6}
   (You found it in the Desolation of Salt)

   [ring of dexterity]

   Int:       It affects your intelligence (+6).
   Dex:       It affects your dexterity (+6).
   rF:        It protects you from fire.
   rC:        It protects you from cold.
   rN:        It protects you from negative energy.
   Will:      It decreases your willpower.
 O - the ring "Wineorph" {Will++ Int+6}
   (You bought it in a shop on level 2 of the Orcish Mines)

   [ring of intelligence]

   Int:       It affects your intelligence (+6).
   Will:      It greatly increases your willpower.
 P - the ring "Ycuha" (left hand) {rF+ rC++ AC+4 Str+2, =R}
   (You found it in the Desolation of Salt)

   [ring of protection]

   AC:        It affects your AC (+4).
   Str:       It affects your strength (+2).
   rF:        It protects you from fire.
   rC:        It greatly protects you from cold.
 U - the amulet of the Air (around neck) {Inacc Air Fly rElec RMsl}
   (You took it off a deep elf sorcerer on level 3 of the Elven Halls)

   [amulet of nothing]

   It reduces the accuracy of all your attacks.
   It enhances your air magic.
   rElec:     It insulates you from electricity.
   Fly:       It grants you flight.
   RMsl:      It protects you from missiles.
Wands
 m - a wand of iceblast (35) {@v2}
   (You found it on level 6 of the Dungeon)
 A - a wand of digging (17) {@v3}
   (You found it on level 6 of the Dungeon)
 E - a wand of polymorph (5)
   (You took it off a vault sentinel on level 2 of the Vaults)
 H - a wand of acid (34) {@v1}
   (You found it on level 3 of the Lair of Beasts)
 X - a wand of mindburst (2)
   (You found it on level 5 of the Lair of Beasts)
 Z - a wand of paralysis (32)
   (You found it in an ice cave)
Scrolls
 d - 7 scrolls of teleportation {@r3 !r}
 j - 6 scrolls of magic mapping {@r5 !r}
 q - 4 scrolls of holy word
 y - a scroll of torment
 z - 10 scrolls of fear {!r}
 D - 6 scrolls of vulnerability
 G - 2 scrolls of silence
 J - 5 scrolls of blinking {@r4}
 W - a scroll of summoning
 Y - 2 scrolls of immolation
Potions
 c - 4 potions of berserk rage
 k - 5 potions of might {@q3 !q}
 p - 6 potions of invisibility
 t - 3 potions of mutation
 v - 5 potions of haste {@q4 !q}
 w - 8 potions of lignification {@q6}
 x - 8 potions of curing {@q1 !q}
 B - 3 potions of cancellation
 C - 4 potions of attraction
 L - 4 potions of magic
 Q - 4 potions of brilliance
 R - 7 potions of heal wounds {@q2 !q}
 S - 10 potions of ambrosia
 T - a potion of resistance
Miscellaneous
 f - a condenser vane
   (You found it on level 14 of the Dungeon)
 g - a tin of tremorstones (2/2)
   (You found it on level 3 of the Elven Halls)
 l - a box of beasts
   (You found it on level 2 of the Lair of Beasts)
 I - a phial of floods
   (You found it on level 1 of the Vaults)
 K - a phantom mirror
   (You found it in the Desolation of Salt)
 N - a lightning rod (4/4)
   (You found it on level 10 of the Dungeon)


   Skills:
 + Level 19.9 Fighting
 - Level 16.0 Maces & Flails
 - Level 12.0 Dodging
 - Level 2.0 Stealth
 - Level 22.0 Shields
 - Level 8.0 Spellcasting
 - Level 8.0 Conjurations
 - Level 10.0 Transmutations
 * Level 7.3 Earth Magic
 - Level 11.0 Invocations
 - Level 4.0 Evocations


You had 22 spell levels left.
You knew the following spells:

 Your Spells              Type           Power      Damage    Failure   Level
b - Irradiate             Conj/Tmut      22%        3d21      9%          5
c - Statue Form           Tmut/Erth      28%        N/A       47%         6
p - Passwall              Tmut/Erth      35%        N/A       1%          2

Your spell library contained the following spells:

 Spells                   Type           Power      Damage    Failure   Level
 Magic Dart               Conj           100%       1d8       1%          1
 Sandblast                Erth           74%        2d16      1%          1
 Sting                    Tmut/Pois      100%       1d8       1%          1
 Searing Ray              Conj           80%        2d7       1%          2
 Stone Arrow              Conj/Erth      76%        3d11      1%          3
 Foxfire                  Conj/Fire      96%        2x1d8     2%          1
 Shock                    Conj/Air       100%       1d9       2%          1
 Static Discharge         Conj/Air       36%        N/A       3%          2
 Petrify                  Tmut/Erth      42%        N/A       3%          4
 Spider Form              Tmut/Pois      28%        N/A       4%          3
 Conjure Flame            Conj/Fire      24%        6-21      7%          3
 Dazzling Flash           Conj/Hex       48%        N/A       7%          3
 Ignite Poison            Fire/Tmut/Pois 21%        N/A       10%         3
 Freeze                   Ice            32%        1d5       12%         1
 Slow                     Hex            32%        N/A       12%         1
 Summon Small Mammal      Summ           32%        N/A       12%         1
 Mephitic Cloud           Conj/Pois/Air  27%        N/A       13%         3
 Lee's Rapid Deconstruct  Erth           18%        3d12*     17%         5
 Call Imp                 Summ           8%         N/A       19%         2
 Corpse Rot               Necr/Air       24%        N/A       19%         2
 Ensorcelled Hibernation  Hex/Ice        16%        N/A       19%         2
 Poisonous Vapours        Pois/Air       24%        N/A       19%         2
 Scorch                   Fire           16%        2d5       19%         2
 Sublimation of Blood     Necr           8%         N/A       19%         2
 Flame Wave               Conj/Fire      24%        3d6       24%         4
 Fulminant Prism          Conj/Hex       12%        3d9       24%         4
 Hailstorm                Conj/Ice       24%        3d7       24%         4
 Leda's Liquefaction      Hex/Erth       11%        N/A       26%         4
 Call Canine Familiar     Summ           8%         N/A       36%         3
 Frozen Ramparts          Ice            16%        1d3       36%         3
 Gell's Gravitas          Tloc           8%         N/A       36%         3
 Inner Flame              Hex/Fire       8%         N/A       36%         3
 Portal Projectile        Hex/Tloc       16%        N/A       36%         3
 Summon Guardian Golem    Hex/Summ       8%         N/A       36%         3
 Swiftness                Air            12%        N/A       36%         3
 Teleport Other           Tloc           8%         N/A       36%         3
 Tukima's Dance           Hex            8%         N/A       36%         3
 Alistair's Intoxication  Tmut/Pois      18%        N/A       41%         5
 Fireball                 Conj/Fire      12%        3d7       54%         5
 Borgnjor's Vile Clutch   Necr/Erth      11%        N/A       58%         5
 Freezing Cloud           Conj/Ice/Air   13%        6-21      75%         5
 Olgreb's Toxic Radiance  Pois           8%         N/A       77%         4
 Eringya's Noxious Bog    Tmut/Pois      14%        N/A       94%         6
 Agony                    Necr           8%         N/A       98%         5
 Metabolic Englaciation   Hex/Ice        4%         N/A       98%         5
 Silence                  Hex/Air        6%         N/A       98%         5
 Summon Forest            Summ/Tloc      4%         N/A       98%         5
 Conjure Ball Lightning   Conj/Air       18%        3x3d6     98%         6
 Starburst                Conj/Fire      12%        6d5       98%         6
 Dispersal                Tloc           4%         N/A       100%        6
 Summon Cactus Giant      Summ           4%         N/A       100%        6
 Summon Hydra             Summ           4%         N/A       100%        7
 Borgnjor's Revivificati  Necr           4%         N/A       100%        8
 Discord                  Hex            4%         N/A       100%        8
 Disjunction              Tloc           4%         N/A       100%        8
 Ignition                 Fire           4%         3d4       100%        8
 Infestation              Necr           4%         N/A       100%        8
 Necromutation            Tmut/Necr      14%        N/A       100%        8
 Summon Horrible Things   Summ           4%         N/A       100%        8
 Death's Door             Necr           4%         N/A       100%        9
 Fire Storm               Conj/Fire      12%        8d3       100%        9


Dungeon Overview and Level Annotations

Branches:
Dungeon (15/15)            Temple (0/1) D:6            Lair (6/6) D:10
 Shoals (4/4) Lair:2       Spider (4/4) Lair:3        Slime (0/5) Lair:6
    Orc (2/2) D:10            Elf (3/3) Orc:2        Vaults (3/5) D:14
  Crypt (0/3) Vaults:2     Depths (0/4) D:15          IceCv (visited)
Volcano (visited)         Desolation (visited)

Altars:
Cheibriados
Kikubaaqudgha
Qazlal
Vehumet
Xom
Yredelemnul
Beogh
Jiyva

Shops:
D:2 *   D:13 [   Orc:1 (   Orc:2 (=(=   Elf:2 *   Shoals:3 [   Shoals:4 [
Vaults:2 [?:*

Annotations:
D:6 1 runed translucent door, generaletaddeo's ghost, novice GnCK
D:13 1 runed translucent door, Ophy Cobb's ghost, journeyman VSCj
Lair:1 exclusion: oklob plant
Lair:6 2 exclusions
Shoals:4 corrupted
Elf:2 2 runed translucent doors, 1994's ghost, adept FoIE
Abyss:1 Duvessa


Innate Abilities, Weirdness & Mutations

Your dull iron-grey scales are very hard. (AC +15)
You are amphibious.
You cannot fit into any form of body armour.
You are cold-blooded and may be slowed by cold attacks.
You have a pair of small antennae on your head.
You are agile. (Dex +2)
You possess an exceptional clarity of mind.
You are weak. (Str -2)


Message History

You kill the vault sentinel!
Lugonu accepts your kill.
The ironbound convoker begins to recite a word of recall!
The vault sentinel gestures at you while chanting.
You struggle to resist.
You bludgeon the vault sentinel!!
The vault sentinel is heavily wounded.
An ironbound convoker comes into view. It is wielding a +0 morningstar.
The vault sentinel blows a loud note on a signal horn!
You puncture the vault sentinel!
The vault sentinel is severely wounded.
You hit the vault sentinel.
You tail-slap the vault sentinel, but do no damage.
The vault sentinel is almost dead.
The vault sentinel casts a spell at you.
You struggle to resist.
You barely miss the vault sentinel. You tail-slap the vault sentinel.
The vault sentinel is almost dead.
The great orb of eyes is recalled.
The ironbound preserver is recalled.
The war gargoyle is recalled.
The vault sentinel is recalled.
The deep troll is recalled.
A war gargoyle comes into view. It is wielding a +0 morningstar.
The ironbound convoker casts a spell at the deep troll.
The deep troll seems to grow stronger.
A great orb of eyes comes into view.
You block the vault sentinel's attack.
An ironbound preserver comes into view. It is wielding a +0 mace.
A deep troll comes into view.
A vault sentinel comes into view. It is wielding a +0 war axe.
You puncture the vault sentinel!
You kill the vault sentinel!
Lugonu accepts your kill.
The war gargoyle launches metal splinters at you.
The spray of metal splinters hits you but does no damage.
The ironbound convoker casts a spell at the vault sentinel.
The vault sentinel seems to grow stronger.
The vault sentinel blows a loud note on a signal horn!
You impale the great orb of eyes!!
The great orb of eyes is heavily wounded.
An ironbound preserver comes into view. It is wielding a +0 dire flail.
You hit the great orb of eyes but do no damage.
The great orb of eyes is heavily wounded.
The great orb of eyes gazes at you.
You easily resist.
You block the ironbound preserver's attack.
The ironbound convoker casts a spell at the ironbound convoker.
The ironbound convoker seems to grow stronger.
You puncture the great orb of eyes!
The great orb of eyes is heavily wounded.
The war gargoyle hits you but does no damage.
You block the great orb of eyes's attack.
You block the ironbound preserver's attack.
The war gargoyle hits you with a +0 morningstar.
You thump the great orb of eyes!
You feel better.
The great orb of eyes is severely wounded.
The war gargoyle launches metal splinters at you.
The spray of metal splinters hits you but does no damage.
You block the great orb of eyes's attack.
You barely miss the great orb of eyes.
You tail-slap the great orb of eyes, but do no damage.
The great orb of eyes is severely wounded.
The war gargoyle hits you with a +0 morningstar!!
The ironbound preserver gestures wildly while chanting.
The ironbound preserver begins to accept its allies' injuries.
You impale the great orb of eyes!!
You feel better.
The great orb of eyes is almost dead.
The great orb of eyes gazes at you.
You suddenly lose the ability to move!
The deep troll bites you.
The deep troll claws you but does no damage. x2
The war gargoyle hits you but does no damage.
The vault sentinel blows a loud note on a signal horn!
The ironbound preserver hits you with a +0 mace!
The war gargoyle hits you with a +0 morningstar!
The great orb of eyes bites you but does no damage.
The deep troll bites you!
The deep troll claws you but does no damage.
The deep troll claws you!
The war gargoyle hits you with a +0 morningstar!
The ironbound preserver hits you with a +0 mace!
The great orb of eyes bites you but does no damage.
The deep troll bites you! The deep troll claws you!! The deep troll claws you.
* * * LOW HITPOINT WARNING * * *
The war gargoyle hits you with a +0 morningstar.
* * * LOW HITPOINT WARNING * * *
The ironbound preserver hits you but does no damage.
The great orb of eyes bites you!
* * * LOW HITPOINT WARNING * * *
The deep troll bites you but does no damage.
The deep troll claws you but does no damage.
The deep troll claws you!
* * * LOW HITPOINT WARNING * * *
The war gargoyle hits you with a +0 morningstar!!
* * * LOW HITPOINT WARNING * * *
The war gargoyle hits you but does no damage.
The ironbound preserver hits you with a +0 mace.
* * * LOW HITPOINT WARNING * * *
The great orb of eyes bites you but does no damage.
The deep troll bites you but does no damage.
The deep troll claws you!
You die...

..... ...........
#....#########'###
#....##..####...#
#....##..'..'...##
########....##..#..##+##.
#......#....###'##'#..##.
#..#.#pp..# #..#.#..##.
#....9GT..# #..####'##.
#.p..#@pp.###'##..#..#.
#..###p#.p..##..('..'..'.
#. ..#....##...####.)##
..##....###### #### ...
#....#### ### ...#
#......... ... ..##
#.......... ...
#.......... ...
#.......... ...


You could see 2 ironbound preservers, a great orb of eyes (sheltered), a deep
troll (strong, sheltered), a war gargoyle (sheltered), a vault sentinel (strong,
sheltered) and 2 ironbound convokers.

Vanquished Creatures
  Bai Suzhen (Vaults:2)
  A golden dragon (Vaults:1)
  Nikola (Shoals:4)
  Jory (Vaults:2)
  Arachne (Spider:4)
  2 deep elf blademasters (Elf:3)
  4 krakens
  2 deep elf master archers (Elf:3)
  A tengu reaver (Vaults:1)
  5 ghost moths (Spider:4)
  2 vault wardens
  An orc warlord (Elf:2)
  3 deep elf sorcerers (Elf:3)
  An imperial myrmidon (Desolation)
  6 emperor scorpions (Spider:4)
  Aizul (Vaults:3)
  A deep elf elementalist (Elf:2)
  10 ironbound preservers
  A stone giant (D:15)
  8 very ugly things
  7 deep elf demonologists (Elf:3)
  5 deep elf annihilators
  4 dire elephants (Vaults:1)
  3 entropy weavers
  3 spark wasps
  3 halazid warlocks (Desolation)
  3 deep elf death magi (Elf:3)
  A fire dragon (D:14)
  5 yaktaur captains
  2 crystal guardians (Desolation)
  Josephine (Lair:4)
  4 merfolk impalers
  4 great orbs of eyes
  An ettin (Vaults:1)
  3 deep elf high priests
  5 ragged hierophants (Desolation)
  6 boulder beetles
  Fannar (Lair:1)
  7 ironbound thunderhulks
  4 peacekeepers
  14 hydras
  4 ironbound frosthearts
  5 vault guards (D:14)
  16 centaur warriors
  11 servants of whispers (Desolation)
  3 merfolk aquamancers
  6 two-headed ogres
  5 merfolk avatars
  A catoblepas (Lair:3)
  11 death yaks
  3 alligator snapping turtles
  4 tengu warriors (D:15)
  24 dancing weapons
  Sonja (Orc:2)
  7 orc high priests
  13 deep elf knights
  10 skeletal warriors
  9 sea snakes
  4 wizards
  2 glowing orange brains (Vaults:2)
  13 ironbound convokers
  24 deep trolls
  A necromancer (Vaults:3)
  9 deep elf archers
  18 harpies
  10 orc knights
  29 ugly things
  3 lindwurms (Vaults:2)
  17 orb spiders
  19 deep elf pyromancers
  26 deep elf zephyrmancers
  8 fauns (Shoals:1)
  24 wolf spiders
  11 manticores
  2 orc sorcerers
  Maurice (D:13)
  9 cyclopes
  12 vault sentinels
  A moth of wrath (shapeshifter) (Vaults:1)
  3 merfolk sirens
  An eye of devastation (shapeshifter) (Elf:1)
  2 molten gargoyles
  6 black mambas
  9 cane toads
  3 water nymphs
  6 guardian serpents (Desolation)
  An unseen horror (D:10)
  A cane toad (shapeshifter) (D:14)
  8 yaktaurs
  4 gargoyles
  2 torpor snails
  7 ice devils (IceCv)
  9 demonic crawlers
  An anaconda simulacrum (IceCv)
  An efreet (Volcano)
  6 komodo dragons
  2 burning bushes (Lair:5)
  A queen bee (Lair:3)
  8 wind drakes
  22 jumping spiders
  2 meliai (D:14)
  9 trolls
  A raiju (shapeshifter) (D:10)
  Prince Ribbit (D:9)
  21 merfolk
  A hornet (D:10)
  10 snapping turtles
  19 slime creatures
  A dream sheep (shapeshifter) (D:10)
  22 blink frogs
  9 dream sheep
  60 saltlings (Desolation)
  A meliai zombie (D:10)
  19 water elementals
  Sigmund (D:7)
  3 air elementals
  The ghost of tensugalgo the Grave Robber, an amateur OgNe (D:4)
  5 wraiths
  60 redbacks
  15 tarantellas
  4 wyverns
  45 yaks
  A dire elephant simulacrum (IceCv)
  3 fire bats (Lair:2)
  9 fire elementals
  A human (D:14)
  8 basilisks
  A steam dragon (D:9)
  5 vampire mosquitoes
  A harpy simulacrum (D:14)
  Edmund (D:7)
  Menkaure (D:4)
  22 water moccasins
  2 acid dragons (D:10)
  3 hell hounds (Lair:6)
  33 orc warriors
  A swamp drake (D:10)
  A black bear (D:10)
  4 sky beasts
  2 necrophages
  A tengu (shapeshifter) (D:10)
  6 ogres
  5 boggarts (Vaults:2)
  6 centaurs
  22 wolves
  A phantom (D:6)
  4 kobold brigands
  10 bullfrogs
  A gnoll sergeant (D:10)
  11 scorpions
  2 two-headed ogre simulacra (IceCv)
  A wyvern zombie (D:5)
  3 earth elementals
  2 cane toad simulacra (IceCv)
  Dowan (D:6)
  A water moccasin skeleton (D:6)
  34 killer bees
  5 wights
  An elephant simulacrum (IceCv)
  An electric eel (Spider:1)
  4 howler monkeys
  6 crimson imps (D:8)
  7 centaur zombies
  3 quasits (D:4)
  A gnoll shaman (D:3)
  9 hounds
  26 orc priests
  A bullfrog skeleton (D:6)
  A jelly (D:8)
  3 iguanas
  Natasha (D:4)
  21 orc wizards
  3 troll simulacra (IceCv)
  2 polar bear simulacra (IceCv)
  2 wolf simulacra (IceCv)
  A killer bee zombie (D:8)
  2 hound skeletons
  A howler monkey zombie (D:7)
  Robin (D:2)
  11 gnolls
  10 adders
  2 naga simulacra (IceCv)
  A shadow imp (D:5)
  6 white imps
  4 ufetubi
  An adder skeleton (D:4)
  A worm (Lair:3)
  3 dart slugs (D:1)
  73 orcs
  3 bats
  4 endoplasms
  5 giant cockroaches
  5 goblins
  11 hobgoblins
  7 jackals
  3 quokkas
  7 ball pythons
  12 frilled lizards
  13 kobolds
  3 rats
  12 tentacles
1437 creatures vanquished.

Vanquished Creatures (collateral kills)
  Rupert (D:12)
  A merfolk aquamancer (Shoals:4)
  A water elemental (Shoals:4)
  2 wraiths (Lair:4)
5 creatures vanquished.

Vanquished Creatures (others)
  6 merfolk javelineers (Shoals:4)
  A merfolk impaler (Shoals:4)
  A peacekeeper (Desolation)
  3 merfolk aquamancers (Shoals:4)
  A satyr (Shoals:4)
  A merfolk avatar (Shoals:4)
  2 deep elf knights (Elf:1)
  3 sea snakes (Shoals:4)
  4 harpies (Shoals:4)
  A deep elf zephyrmancer (Elf:2)
  A deep elf pyromancer (Elf:2)
  A manticore (Shoals:4)
  A water nymph (Shoals:4)
  2 merfolk sirens (Shoals:4)
  2 merfolk (Shoals:4)
  3 snapping turtles (Shoals:4)
  A water elemental (Shoals:4)
  A white imp (IceCv)
  An orc (Orc:2)
  25 fungi
  140 plants
  5 starspawn tentacles (Shoals:4)
  64 tentacles
270 creatures vanquished.

Grand Total: 1712 creatures vanquished

Notes
Turn   | Place    | Note
-------+----------+-------------------------------------------
     0 | Abyss:1  | EnegeticOcto the Draconian Abyssal Knight began the quest
                  | for the Orb.
     0 | Abyss:1  | Reached XP level 1. HP: 19/19 MP: 2/2
    14 | D:1      | Escaped the Abyss
    45 | D:1      | Reached skill level 1 in Stealth
   112 | D:1      | Reached XP level 2. HP: 19/26 MP: 3/3
   393 | D:1      | Reached skill level 2 in Stealth
   405 | D:1      | Found a faded altar of an unknown god.
   853 | D:1      | Reached XP level 3. HP: 22/31 MP: 4/4
  1244 | D:2      | Reached ** piety under Lugonu
  1334 | D:2      | Reached skill level 3 in Maces & Flails
  1759 | D:2      | Noticed Robin
  1760 | D:2      | Found Botisal's General Store.
  1772 | D:2      | Killed Robin
  1805 | D:2      | Bought a scroll of identify for 26 gold pieces
  2068 | D:2      | Bought a scroll of identify for 26 gold pieces
  2068 | D:2      | Bought a scroll of identify for 26 gold pieces
  2145 | D:3      | Reached XP level 4. HP: 30/38 MP: 5/5
  2328 | D:3      | Reached skill level 4 in Maces & Flails
  2733 | D:3      | Reached XP level 5. HP: 23/45 MP: 6/6
  3008 | D:3      | Reached skill level 5 in Maces & Flails
  3374 | D:4      | Noticed an ogre
  3379 | D:4      | Killed an ogre
  3380 | D:4      | Reached skill level 6 in Maces & Flails
  3380 | D:4      | Reached XP level 6. HP: 51/51 MP: 7/7
  3636 | D:4      | Found a transporter.
  3671 | D:4      | Reached *** piety under Lugonu
  3822 | D:4      | Reached skill level 4 in Fighting
  3832 | D:4      | Noticed tensugalgo's ghost (amateur OgNe)
  3851 | D:4      | Found a transporter.
  4022 | D:3      | Your scales start taking on a dull iron-grey colour.
  4022 | D:3      | Reached XP level 7. HP: 40/60 MP: 8/8
  4202 | D:4      | Noticed Menkaure
  4209 | D:4      | Killed Menkaure
  4210 | D:4      | Reached skill level 5 in Fighting
  4210 | D:4      | Reached skill level 7 in Maces & Flails
  4463 | D:4      | Noticed Natasha
  4473 | D:4      | Killed Natasha
  4874 | D:5      | Entered Level 5 of the Dungeon
  4938 | D:4      | Reached skill level 3 in Invocations
  5309 | D:5      | Reached skill level 8 in Maces & Flails
  5309 | D:5      | Reached XP level 8. HP: 59/68 MP: 10/10
  5405 | D:5      | Found a large runed translucent door.
  5405 | D:5      | Found a large runed translucent door.
  5416 | D:5      | Reached skill level 4 in Invocations
  5578 | D:5      | Reached skill level 5 in Invocations
  5718 | D:5      | Reached skill level 6 in Invocations
  5776 | D:5      | Reached **** piety under Lugonu
  5777 | D:5      | Reached skill level 3 in Dodging
  6177 | D:5      | Found a radiant altar of Vehumet.
  6180 | D:5      | Found a snail-covered altar of Cheibriados.
  6211 | D:6      | Reached skill level 4 in Dodging
  6505 | D:6      | Found a runed translucent door.
  6689 | D:6      | Noticed Dowan
  6694 | D:6      | Noticed Duvessa
  6695 | D:6      | Banished Duvessa
  6700 | D:6      | Killed Dowan
  6808 | D:6      | Reached XP level 9. HP: 75/75 MP: 13/13
  6852 | D:6      | You fall into a shaft and drop 1 floor!
  6865 | D:7      | Reached skill level 6 in Fighting
  7112 | D:7      | Reached skill level 7 in Invocations
  7653 | D:6      | Found a shimmering altar of Xom.
  7653 | D:6      | Noticed generaletaddeo's ghost (novice GnCK)
  7653 | D:6      | Noticed a +1 falchion of chaos
  7824 | D:6      | Reached skill level 9 in Maces & Flails
  7834 | D:6      | Found a staircase to the Ecumenical Temple.
  8316 | D:7      | Noticed Sigmund
  8331 | D:7      | Killed Sigmund
  8332 | D:7      | Reached skill level 7 in Fighting
  8352 | D:7      | Noticed Edmund
  8369 | D:7      | Killed Edmund
  8370 | D:7      | Reached skill level 8 in Invocations
  8650 | D:8      | Noticed a komodo dragon
  8663 | D:8      | Killed a komodo dragon
  9023 | D:8      | Reached XP level 10. HP: 65/82 MP: 16/16
  9484 | D:8      | Reached skill level 10 in Maces & Flails
  9484 | D:8      | Reached skill level 9 in Invocations
  9938 | D:9      | Reached skill level 5 in Dodging
 10187 | D:9      | Noticed Prince Ribbit
 10198 | D:9      | Killed Prince Ribbit
 10298 | D:9      | Reached skill level 1 in Shields
 10503 | D:9      | Noticed a two-headed ogre
 10506 | D:9      | Reached ***** piety under Lugonu
 10506 | D:9      | Banished a two-headed ogre
 10507 | D:9      | Reached skill level 2 in Shields
 10651 | D:9      | Reached skill level 11 in Maces & Flails
 10926 | D:9      | Reached skill level 3 in Shields
 11276 | D:10     | Entered Level 10 of the Dungeon
 11282 | D:9      | Reached skill level 6 in Dodging
 11527 | D:10     | Found a shimmering altar of Xom.
 11527 | D:10     | Found a stormy altar of Qazlal.
 11585 | D:10     | Noticed a two-headed ogre
 11585 | D:10     | Noticed a two-headed ogre
 11586 | D:10     | Banished a two-headed ogre
 11587 | D:10     | Reached skill level 4 in Shields
 11587 | D:10     | Reached XP level 11. HP: 92/92 MP: 12/17
 11651 | D:10     | Killed a two-headed ogre
 11927 | D:10     | Reached skill level 7 in Dodging
 12131 | D:10     | Noticed a two-headed ogre
 12154 | D:10     | Killed a two-headed ogre
 12155 | D:10     | Reached skill level 12 in Maces & Flails
 12327 | D:10     | Found a staircase to the Lair.
 12693 | D:10     | Reached skill level 13 in Maces & Flails
 12717 | D:10     | Noticed a centaur warrior
 12734 | D:10     | Killed a centaur warrior
 13017 | D:10     | Noticed a red ugly thing
 13046 | D:10     | Killed a red ugly thing
 13097 | D:10     | Found a staircase to the Orcish Mines.
 13367 | D:10     | Reached skill level 14 in Maces & Flails
 13445 | D:10     | Noticed a stone giant
 13449 | D:10     | Banished a stone giant
 13453 | D:10     | Noticed a five-headed hydra
 13461 | D:10     | Noticed a two-headed ogre
 13478 | D:10     | Killed a two-headed ogre
 13495 | D:10     | Killed a five-headed hydra
 13496 | D:10     | Reached skill level 8 in Fighting
 13496 | D:10     | Reached XP level 12. HP: 46/101 MP: 15/18
 13909 | D:10     | Reached skill level 8 in Dodging
 14001 | D:10     | Noticed a five-headed hydra
 14022 | D:10     | Killed a five-headed hydra
 14300 | D:10     | Reached skill level 9 in Fighting
 15188 | D:10     | Noticed a two-headed ogre
 15188 | D:10     | an elephant changed into a two-headed ogre
 15189 | D:10     | a two-headed ogre changed into a glowing orange brain
 15359 | D:10     | Reached skill level 1 in Evocations
 15483 | D:4      | Killed tensugalgo's ghost
 15667 | Lair:1   | Entered Level 1 of the Lair of Beasts
 15667 | Lair:1   | Noticed Fannar
 15681 | Lair:1   | Killed Fannar
 15682 | Lair:1   | Reached skill level 9 in Dodging
 15860 | Lair:1   | Reached skill level 2 in Evocations
 15930 | Lair:1   | Reached skill level 10 in Fighting
 15956 | Lair:1   | Reached skill level 3 in Evocations
 17011 | Lair:2   | Noticed a four-headed hydra
 17049 | Lair:2   | Killed a four-headed hydra
 17050 | Lair:2   | Reached skill level 4 in Evocations
 17271 | Lair:2   | Reached skill level 10 in Dodging
 17278 | Lair:2   | Found a dark tunnel.
 17291 | Volcano  | Entered a volcano
 17307 | Volcano  | Noticed a stone giant
 17309 | Volcano  | Banished a stone giant
 17673 | Lair:2   | Got the Disquisition on Creative Ignition
 17742 | Lair:2   | Reached skill level 10 in Invocations
 17789 | Lair:2   | Reached XP level 13. HP: 99/113 MP: 20/20
 18334 | Lair:2   | Reached skill level 11 in Invocations
 18339 | Lair:2   | Found a staircase to the Shoals.
 18885 | Lair:3   | Reached skill level 11 in Fighting
 19739 | Lair:3   | Found a hole to the Spider Nest.
 19846 | Lair:3   | Reached skill level 12 in Fighting
 20020 | Lair:3   | Learned a level 5 spell: Irradiate
 20318 | Lair:4   | Reached skill level 1 in Spellcasting
 20318 | Lair:4   | Reached skill level 1 in Conjurations
 20318 | Lair:4   | Reached skill level 1 in Transmutations
 20927 | Lair:4   | Noticed Josephine
 20947 | Lair:4   | Killed Josephine
 20948 | Lair:4   | Reached skill level 2 in Conjurations
 20948 | Lair:4   | Reached skill level 2 in Transmutations
 20958 | Lair:4   | Reached skill level 2 in Spellcasting
 21970 | Lair:4   | Reached skill level 3 in Conjurations
 21970 | Lair:4   | Reached skill level 3 in Transmutations
 22044 | Lair:5   | Reached skill level 3 in Spellcasting
 22619 | Lair:4   | Reached skill level 13 in Fighting
 22619 | Lair:4   | Reached XP level 14. HP: 80/129 MP: 22/22
 22641 | Lair:4   | Reached skill level 4 in Transmutations
 23060 | Lair:5   | Reached skill level 4 in Conjurations
 23341 | Lair:5   | Found the +8 whip "Snakebite" {venom, curare, rPois}
 23829 | Lair:6   | Entered Level 6 of the Lair of Beasts
 23874 | Lair:5   | Reached skill level 4 in Spellcasting
 24419 | Lair:6   | Reached skill level 5 in Conjurations
 24419 | Lair:6   | Reached skill level 5 in Transmutations
 24476 | Lair:6   | Reached skill level 5 in Spellcasting
 24672 | Lair:6   | Reached skill level 6 in Transmutations
 24901 | Lair:6   | Gained mutation: You are weak. (Str -2) [mutagenic glow]
 24916 | Lair:6   | Reached skill level 7 in Transmutations
 25092 | Lair:6   | Found a viscous altar of Jiyva.
 25094 | Lair:6   | Found a staircase to the Slime Pits.
 25417 | Lair:6   | Reached ****** piety under Lugonu
 25939 | D:10     | Reached skill level 8 in Transmutations
 26074 | D:11     | Found a frozen archway.
 26083 | IceCv    | Entered an ice cave
 26764 | IceCv    | Noticed a reaper
 26766 | IceCv    | Banished a reaper
 26767 | IceCv    | Reached skill level 9 in Transmutations
 26841 | IceCv    | Got the Guide on Flamy Bewitchment
 26862 | IceCv    | Learned a level 2 spell: Passwall
 26955 | D:11     | Found a flickering gateway to a bazaar.
 26973 | Bazaar   | Entered a bazaar
 26978 | Bazaar   | Found Pesiluv's Book Shop.
 26979 | Bazaar   | Found Neggu's General Store.
 27006 | Bazaar   | Found Kysar's Magic Scroll Shoppe.
 27006 | Bazaar   | Found Ketit's General Store.
 27020 | Bazaar   | Bought a scroll of blinking for 90 gold pieces
 27020 | Bazaar   | Bought a potion of invisibility for 96 gold pieces
 27020 | Bazaar   | Bought an amulet of regeneration for 360 gold pieces
 27020 | Bazaar   | Bought a wand of paralysis (4) for 72 gold pieces
 27042 | Bazaar   | Bought 3 scrolls of enchant armour for 225 gold pieces
 27042 | Bazaar   | Bought a scroll of blinking for 75 gold pieces
 27042 | Bazaar   | Bought a scroll of teleportation for 30 gold pieces
 27042 | Bazaar   | Bought a scroll of enchant weapon for 75 gold pieces
 27042 | Bazaar   | Bought a scroll of fear for 35 gold pieces
 27042 | Bazaar   | Bought a scroll of fear for 35 gold pieces
 27053 | Bazaar   | Found Keclixy's Book Shop.
 27081 | Bazaar   | Found Huymm's Armour Boutique.
 27104 | Bazaar   | Bought a potion of attraction for 39 gold pieces
 27104 | Bazaar   | Bought a potion of curing for 39 gold pieces
 27104 | Bazaar   | Bought a scroll of enchant armour for 97 gold pieces
 27282 | D:11     | You fall into a shaft and drop 3 floors!
 27391 | D:13     | Found Iphef's Antique Armour Boutique.
 27404 | D:13     | Found a runed translucent door.
 27404 | D:13     | Found a shimmering altar of Xom.
 27404 | D:13     | Noticed Ophy Cobb's ghost (journeyman VSCj)
 27415 | D:13     | Noticed Maurice
 27435 | D:13     | Killed Maurice
 27567 | D:12     | Identified a scroll of acquirement
 27836 | D:12     | Noticed Rupert
 27846 | D:12     | Killed Rupert
 29141 | D:11     | Reached skill level 5 in Shields
 29677 | D:13     | Reached XP level 15. HP: 115/135 MP: 23/23
 29763 | D:13     | Reached skill level 6 in Conjurations
 30149 | Orc:1    | Entered Level 1 of the Orcish Mines
 30179 | D:10     | Reached skill level 6 in Spellcasting
 30395 | Orc:2    | Entered Level 2 of the Orcish Mines
 30620 | Orc:2    | Found a shimmering altar of Xom.
 30627 | Orc:2    | Noticed Sonja
 30646 | Orc:2    | Killed Sonja
 30647 | Orc:2    | Reached skill level 10 in Transmutations
 30744 | Orc:2    | Found a staircase to the Elven Halls.
 30882 | Orc:1    | Found Annoum's Antique Weapon Shoppe.
 31452 | Orc:2    | Reached skill level 6 in Shields
 31473 | Orc:2    | Reached skill level 7 in Conjurations
 31513 | Orc:2    | Found Woyvuycs's Jewellery Shoppe.
 31513 | Orc:2    | Found Uhiwoit's Antique Weapon Shop.
 31539 | Orc:2    | Found Voli's Weapon Shoppe.
 31539 | Orc:2    | Found Doecakiu's Jewellery Shop.
 31551 | Orc:2    | Acquired 962 gold pieces
 31559 | Orc:2    | Bought the +6 shillelagh "Devastator" {shatter} for 2040
                  | gold pieces
 31559 | Orc:2    | Found the +6 shillelagh "Devastator" {shatter}
 31997 | D:14     | Reached skill level 7 in Shields
 32403 | D:14     | Reached skill level 8 in Shields
 32559 | D:14     | Reached skill level 9 in Shields
 32567 | D:14     | Found a gate to the Vaults.
 32975 | D:14     | Reached skill level 10 in Shields
 33560 | D:15     | Entered Level 15 of the Dungeon
 33743 | D:15     | Reached skill level 11 in Shields
 34266 | D:15     | Reached XP level 16. HP: 142/143 MP: 26/26
 34268 | D:15     | Found a staircase to the Depths.
 34651 | Shoals:1 | Entered Level 1 of the Shoals
 34962 | Shoals:1 | Reached skill level 14 in Fighting
 35064 | Shoals:1 | Reached skill level 12 in Shields
 35535 | Shoals:1 | Noticed a kraken
 35671 | Shoals:1 | Killed a kraken
 35816 | Shoals:1 | Reached skill level 15 in Fighting
 36170 | Shoals:2 | Noticed a kraken
 36264 | Shoals:2 | Killed a kraken
 36686 | Shoals:2 | Reached skill level 16 in Fighting
 36706 | Shoals:2 | Reached skill level 13 in Shields
 36877 | Shoals:2 | Noticed a kraken
 36961 | Shoals:2 | Killed a kraken
 37229 | Shoals:3 | Found Zauriant's Armour Boutique.
 37868 | Shoals:3 | Reached skill level 14 in Shields
 38092 | Shoals:4 | Entered Level 4 of the Shoals
 38390 | Shoals:4 | Noticed a kraken
 38768 | Shoals:4 | Killed a kraken
 39211 | Shoals:4 | Reached skill level 15 in Shields
 39341 | Shoals:4 | Reached XP level 17. HP: 158/158 MP: 27/27
 39372 | Shoals:4 | Identified the +5 triple sword "Qefol" {speed, *Noise Will+
                  | rCorr}
 39391 | Shoals:4 | Found Baete's Armour Boutique.
 39393 | Shoals:4 | Noticed Nikola
 39416 | Shoals:4 | Killed Nikola
 39530 | Shoals:4 | Corrupted Shoals:4
 39789 | Shoals:4 | Got a barnacled rune of Zot
 40102 | Spider:1 | Entered Level 1 of the Spider Nest
 40462 | Spider:1 | Reached skill level 16 in Shields
 42670 | Spider:3 | Reached skill level 17 in Shields
 43390 | Spider:4 | Entered Level 4 of the Spider Nest
 43714 | Spider:4 | Acquired 705 gold pieces
 43755 | Spider:4 | Reached skill level 18 in Shields
 43949 | Spider:4 | Noticed Arachne
 43982 | Spider:4 | Killed Arachne
 45189 | Spider:4 | Reached skill level 19 in Shields
 45189 | Spider:4 | Reached XP level 18. HP: 113/166 MP: 1/28
 45432 | Spider:4 | Got a gossamer rune of Zot
 45773 | Orc:2    | Bought the ring "Wineorph" {Will++ Int+6} for 1330 gold
                  | pieces
 45802 | Elf:1    | Entered Level 1 of the Elven Halls
 45990 | Elf:1    | Found a crumbling gateway.
 46009 | Desolati | Entered the Desolation of Salt
 46873 | Desolati | Reached skill level 7 in Spellcasting
 47447 | Desolati | Identified the amulet "Puave" {Faith Rampage}
 47451 | Desolati | Identified the amulet "Defow" {Reflect rN++ Dex-3 Slay+3
                  | SH+5}
 47453 | Desolati | Identified the ring "Rimnies" {rF++ rN+ Str+4 Int-2 SInv}
 47571 | Desolati | Reached skill level 8 in Conjurations
 47572 | Desolati | Identified the ring "Ycuha" {rF+ rC++ AC+4 Str+2}
 47758 | Desolati | Gained mutation: You tend to lose your temper in combat.
                  | [mutagenic glow]
 47793 | Desolati | Lost mutation: You tend to lose your temper in combat.
                  | [potion of mutation]
 47793 | Desolati | Gained mutation: You are agile. (Dex +2) [potion of
                  | mutation]
 47793 | Desolati | Gained mutation: You have a pair of small antennae on your
                  | head. [potion of mutation]
 47793 | Desolati | Gained mutation: You possess an exceptional clarity of
                  | mind. [potion of mutation]
 47955 | Desolati | Reached skill level 17 in Fighting
 48168 | Desolati | Reached skill level 8 in Spellcasting
 48330 | Desolati | Found the +0 staff of Battle
 48333 | Desolati | Identified the ring of Zucwak {rF+ rC+ rN+ Will- Int+6
                  | Dex+6}
 48341 | Desolati | Got Vehumet's Reference Book on Blistering Attacks
 48342 | Desolati | Identified the ring of Viguleupore {rCorr Stlth+}
 48390 | Desolati | Got the Tome of Supportive Stolen Souls
 48501 | Elf:1    | Reached skill level 20 in Shields
 48586 | Elf:1    | Acquired the ring "Rodogip" {Will+ rCorr Str+6 Int+6}
 48612 | Elf:1    | Reached skill level 18 in Fighting
 48824 | Elf:1    | Found a radiant altar of Vehumet.
 48874 | Elf:1    | Paralysed by an air elemental for 1 turns
 48878 | Elf:1    | Paralysed by an air elemental for 1 turns
 49071 | Elf:1    | Identified the +1 ring mail of the Sparrow {Regen+ Str+2
                  | Int+2}
 49429 | Elf:2    | Paralysed by an air elemental for 1 turns
 49690 | Elf:2    | Paralysed by an air elemental for 1 turns
 49695 | Elf:2    | Reached XP level 19. HP: 172/179 MP: 31/31
 49697 | Elf:2    | Got Cokhlit's Volume of Feathers
 49766 | Elf:2    | Found Akix's General Store.
 49915 | Elf:2    | Found a large runed translucent door.
 49918 | Elf:2    | Found a large runed translucent door.
 49920 | Elf:2    | Noticed 1994's ghost (adept FoIE)
 49958 | Elf:2    | Reached skill level 11 in Dodging
 50064 | Elf:2    | Found a runed translucent gate.
 50065 | Elf:2    | Found a runed translucent gate.
 50065 | Elf:2    | Found a runed translucent gate.
 50891 | Elf:3    | Entered Level 3 of the Elven Halls
 50974 | Elf:3    | Found a radiant altar of Vehumet.
 51015 | Elf:2    | Reached skill level 21 in Shields
 51548 | Elf:3    | Reached skill level 12 in Dodging
 52545 | Elf:3    | Identified the +7 war axe of Circular Logic {antimagic, rF-
                  | rCorr Int-5 SInv}
 52791 | Elf:3    | Identified the +10 halberd of World's End {vorpal, rN+
                  | Dex+5}
 52803 | Elf:3    | Identified the +3 battleaxe of Noon {flame, +Blink rC+
                  | Str-3}
 52803 | Elf:3    | Identified the amulet of Votoow {Faith Rampage rC- Str+3}
 53597 | Elf:3    | Identified the +12 flail of the Little People {drain,
                  | Int+5}
 53792 | Elf:3    | Identified the +6 buckler of Hailume {Int+3 Dex+4 Stlth-}
 53801 | Elf:3    | Identified the +8 fustibalus of Zin's Favour {venom, rC+
                  | MP+9 Str-5}
 53815 | Elf:3    | Identified the +5 morningstar of the Thirsty Emperors
                  | {vamp, rPois}
 54145 | Vaults:1 | Entered Level 1 of the Vaults
 54702 | Vaults:1 | Noticed a golden dragon
 54714 | Vaults:1 | Killed a golden dragon
 54715 | Vaults:1 | Reached skill level 15 in Maces & Flails
 55529 | Vaults:1 | Reached XP level 20. HP: 187/187 MP: 32/32
 55893 | Vaults:1 | Reached skill level 22 in Shields
 56080 | Vaults:2 | Found Dotetwoc's Magic Scroll Boutique.
 56088 | Vaults:2 | Noticed Jory
 56095 | Vaults:1 | Reached skill level 16 in Maces & Flails
 56276 | Vaults:2 | Noticed Bai Suzhen
 56322 | Vaults:2 | Killed Bai Suzhen
 56426 | Vaults:2 | Found Ceich's Armour Emporium.
 56613 | Vaults:2 | Reached skill level 19 in Fighting
 56674 | Vaults:2 | Killed Jory
 56944 | Vaults:2 | Found a staircase to the Crypt.
 56944 | Vaults:2 | Found a basalt altar of Yredelemnul.
 56944 | Vaults:2 | Found an ancient bone altar of Kikubaaqudgha.
 57036 | Vaults:2 | Bought a scroll of acquirement for 1092 gold pieces
 57036 | Vaults:2 | Bought a scroll of teleportation for 63 gold pieces
 57036 | Vaults:2 | Bought a scroll of teleportation for 63 gold pieces
 57036 | Vaults:2 | Bought a scroll of magic mapping for 73 gold pieces
 57036 | Vaults:2 | Bought a scroll of teleportation for 63 gold pieces
 57036 | Vaults:2 | Acquired 821 gold pieces
 57252 | Vaults:2 | Found Maqaah's Book Shop.
 57311 | Vaults:2 | Reached skill level 1 in Earth Magic
 57323 | Vaults:2 | Found Wazudono's Assorted Antiques.
 57326 | Vaults:2 | Bought a scroll of enchant armour for 157 gold pieces
 57326 | Vaults:2 | Bought a potion of mutation for 168 gold pieces
 57326 | Vaults:2 | Bought a potion of heal wounds for 105 gold pieces
 57326 | Vaults:2 | Bought a scroll of immolation for 73 gold pieces
 57544 | Vaults:2 | Reached skill level 2 in Earth Magic
 57663 | Vaults:3 | Learned a level 6 spell: Statue Form
 57699 | Vaults:3 | Reached skill level 3 in Earth Magic
 57749 | Vaults:3 | Reached skill level 4 in Earth Magic
 57970 | Vaults:3 | Noticed Aizul
 57981 | Vaults:3 | Killed Aizul
 57982 | Vaults:3 | Reached skill level 5 in Earth Magic
 58355 | Vaults:3 | Reached skill level 6 in Earth Magic
 58525 | Vaults:3 | Reached skill level 7 in Earth Magic
 58566 | Vaults:3 | Paralysed by a great orb of eyes for 7 turns
 58569 | Vaults:3 | HP: 8/193 [war gargoyle (18)]
 58570 | Vaults:3 | Mangled by a deep troll

Illustrated notes

Levels and vault maps discovered:
D:1:      scummos_arrival_forest, layout_loops_ring,
          dreamdust_ecumenical_altar_grove, hangedman_glass_teeth,
          eino_curves_04, minmay_stone_trees_small
D:2:      layout_loops_ring, serial_shops, nicolae_shop_advertising_works
          [nicolae_subvault_shop_adworks], uniq_robin
D:3:      layout_basic, hangedman_decor_push, roderic_filled_cross
D:4:      layout_gridville, gammafunk_ghost_stat_death, minmay_lizard_king,
          uniq_natasha, uniq_menkaure
D:5:      layout_cave_pools, jmf_multi_god_temple2, minmay_misc_feat_enclosed
D:6:      layout_basic, minmay_temple_entry_nine_rooms, ebering_ghost_xom,
          kennysheep_cross_room, uniq_duvessa
D:7:      layout_loops_ring, chequers_serial_rivers_micro_c,
          sigmund_edmund_badplayer
D:8:      layout_loops_ring, minmay_nine_imps
D:9:      layout_gridville, uniq_prince_ribbit1
D:10:     nzn_winding_woodlands_large [nzn_winding_woodlands_5x5_open_star,
          nzn_winding_woodlands_5x15_eye, nzn_winding_woodlands_hourglass,
          nzn_winding_woodlands_center_triple_pond,
          nzn_winding_woodlands_15x15_five_gardens,
          nzn_winding_woodlands_center_garden, nzn_winding_woodlands_5x5_three,
          nzn_winding_woodlands_5x15_pockets, nzn_winding_woodlands_5x5_cross],
          layout_long_grid, gammafunk_temple_overflow_statue,
          grunt_lair_entry_orc_guard_hut, erik_orc_1
D:11:     layout_stronghold, portal_ice_cave_entry_pillars_2, serial_shops,
          bzr_entry_gold
D:12:     layout_layer_cave, uniq_rupert
D:13:     layout_big_octagon, serial_shops, nicolae_shop_hallway_stairs,
          ebering_ghost_xom, uniq_maurice
D:14:     layout_layer_cave, grunt_vaults_entry_fortified, minmay_misc_feat_chi
D:15:     grunt_enter_depths_snipers, layout_loops_cross, serial_park_tiny_pond
Lair:1:   layout_cave_pods, infiniplex_staircase_pool, uniq_fannar
Lair:2:   layout_roguey, minmay_shoals_entry_lonely_mermaid,
          nicolae_volcano_entry_batcave, lemuel_fruit_fields,
          serial_bayou_shore_b
Lair:3:   layout_cave_pods, nicolae_spider_entry_non_spiders, special_room
          [special_room_bee]
Lair:4:   layout_layer_cave, uniq_josephine
Lair:5:   minmay_guarded_unrand_snakebite, layout_regular_city, evilmike_ambush
          [evilmike_ambush_outer_pillars, evilmike_ambush_inner_basic],
          grunt_megastairs_3
Lair:6:   cheibrodos_lair_end_hotspot, layout_regular_city, slime_altar_1
Shoals:1: layout_shoals, nicolae_shoals_lost_giant_temple
Shoals:2: nicolae_shoals_island_circles, layout_shoals,
          nicolae_shoals_kraken_intersection
Shoals:3: layout_shoals, serial_shops, nicolae_lakefront_shop
Shoals:4: shoals_end_hangedman, layout_shoals, serial_shops, shop, uniq_nikola
Spider:1: layout_spider_delve
Spider:2: layout_chambers, nicolae_spider_paper_wasps
Spider:3: layout_spider_delve
Spider:4: grunt_spider_rune_circles, uniq_arachne
Orc:1:    layout_caves, serial_shops, nicolae_shop_statue_plus
Orc:2:    grunt_orc_tribal_feast, layout_diamond_mine, basic_altar,
          bh_open_orc_temple, uniq_sonja
Elf:1:    minmay_elf_arrival_summoners, layout_gridlike, basic_altar,
          portal_desolation_entry_ruin, hangedman_corner_corridor
Elf:2:    nicolae_elf_blades_crystal_corner, layout_gridlike, special_room
          [special_room_orc], serial_shops, nicolae_shop_behind_doors,
          ebering_ghost_disaster_area, st_stairs_5, corexii_leaking_fountain,
          nicolae_elf_elemental_lessons, lemuel_elevator
Elf:3:    elf_hall_gauntlet_narrow, layout_loops_ring, basic_altar
Vaults:1: v_misc_32, nicolae_vaults_lopsided_apartments,
          hangedman_vaults_river_flow, v_rooms_6, vaults_room_corners,
          hangedman_vaults_slice, vaults_mumra_chevron_long,
          vaults_room_corners, vaults_dpeg_cross, v_alt_pattern_3,
          nicolae_vaults_specimen_jars, vaults_room_large_hall,
          layout_vaults_omnibox
Vaults:2: ontoclasm_vaults_hangar, ontoclasm_vaults_fault,
          nicolae_vaults_network_s, minmay_crypt_entry_necro_gods,
          nicolae_vaults_mini_display_case, hangedman_vaults_slice,
          nicolae_vaults_little_squares_6, ontoclasm_vaults_pinch,
          grunt_vaults_funnel, grunt_vaults_bifocal, layout_vaults_maze_snakey,
          serial_shops, nicolae_shop_hallway_stairs, nicolae_shop_behind_doors,
          nicolae_shop_temple_entry_statues_fountains, shop, uniq_bai_suzhen,
          uniq_jory
Vaults:3: v_misc_5, vaults_mumra_minichess_inversion, v_pattern_4,
          hangedman_vaults_capsules, v_misc_23, nicolae_vaults_little_squares_1,
          st_check, v_misc_9, hangedman_vaults_stream,
          nicolae_vaults_angled_halls, layout_vaults_omnigrid, enter_trove_0,
          uniq_aizul

Skill      XL: |  1  2  3  4  5  6  7  8  9 10 11 12 13 14 15 16 17 18 19 20 |
---------------+-------------------------------------------------------------+-----
Stealth        | 1 2 |  2.0
Maces & Flails | 3 4 6 8 9 11 14 15 16 | 16.0
Fighting       | 4 5 7 8 10 13 16 18 19 | 19.9
Invocations    | 3 6 8 9 10 11 | 11.0
Dodging        | 4 6 7 10 12 | 12.0
Shields        | 4 5 11 15 19 20 21 22 | 22.0
Evocations     | 4 |  4.0
Spellcasting   | 3 5 6 8 |  8.0
Conjurations   | 3 5 7 8 |  8.0
Transmutations | 3 9 10 | 10.0
Earth Magic    | 7 |  7.3

Action                   |  1- 3 |  4- 6 |  7- 9 | 10-12 | 13-15 | 16-18 | 19-21 || total
-------------------------+-------+-------+-------+-------+-------+-------+-------++-------
Melee: Mace              |   125 |     7 |       |       |       |       |       ||   132
       Tailslap          |    18 |    22 |    62 |   161 |   410 |   615 |   361 ||  1649
       Flail             |       |   160 |   440 |   958 |   628 |       |       ||  2186
       Whip              |       |       |       |       |  1118 |  2980 |   455 ||  4553
       Shillelagh        |       |       |       |       |   216 |    22 |       ||   238
       Eveningstar       |       |       |       |       |       |       |   995 ||   995
Throw: Dart              |       |     8 |     8 |     9 |     2 |     2 |     1 ||    30
 Cast: Passwall          |       |       |       |       |     1 |     6 |       ||     7
       Irradiate         |       |       |       |       |     4 |    32 |    38 ||    74
Invok: Banish            |       |       |     1 |     9 |     8 |     4 |       ||    22
       Corrupt           |       |       |       |       |       |     1 |       ||     1
Evoke: Wand              |       |     3 |     7 |       |     4 |    17 |     4 ||    35
       Box of beasts     |       |       |       |       |     2 |     2 |     1 ||     5
       Lightning rod     |       |       |       |       |     4 |     2 |     8 ||    14
       Condenser vane    |       |       |       |       |     1 |     5 |     1 ||     7
       Phantom mirror    |       |       |       |       |       |       |     1 ||     1
       Tin of tremorston |       |       |       |       |       |       |     1 ||     1
  Use: Scroll            |     4 |       |     8 |     8 |    14 |    17 |    10 ||    61
       Potion            |       |       |       |       |     1 |     4 |       ||     5
 Stab: Sleeping          |     2 |     3 |     2 |     5 |    10 |    12 |     9 ||    43
       Invisible         |       |     1 |       |       |       |       |       ||     1
       Distracted        |       |       |       |       |     2 |     3 |       ||     5
       Confused          |       |       |       |       |       |     7 |       ||     7
Armor: Skin              |    41 |    63 |   256 |   311 |   461 |   773 |   303 ||  2208
Dodge: Dodged            |    95 |   140 |   307 |   551 |  1134 |  1018 |   433 ||  3678
       Repelled          |       |       |       |       |       |       |    10 ||    10
Block: Buckler           |       |       |       |   197 |   394 |       |       ||   591
       Tower shield      |       |       |       |       |       |  3438 |  1619 ||  5057

Table legend: (Time is in decaauts)
 A = Elapsed time spent in this place.
 B = Non-inter-level travel time spent in this place.
 C = Inter-level travel time spent in this place.
 D = Time resting spent in this place.
 E = Time spent auto-exploring this place.
 F = Levels seen in this place.
 G = Mean time per level.
                   A        B        C        D        E       F      G
               +--------+--------+--------+--------+--------+-----+--------+
         Total |  56222 |  52622 |   3600 |   5571 |  34545 |  42 | 1338.6 |
       Dungeon |  21956 |  20262 |   1694 |    842 |  15553 |  15 | 1463.7 |
          Lair |   9887 |   9152 |    735 |    215 |   7254 |   6 | 1647.8 |
        Shoals |   5101 |   4914 |    187 |    652 |   2850 |   4 | 1275.2 |
   Spider Nest |   4713 |   4504 |    209 |    227 |   3055 |   4 | 1178.2 |
  Orcish Mines |   1680 |   1296 |    384 |    118 |    769 |   2 |  840.0 |
   Elven Halls |   5326 |   5115 |    211 |   2019 |   1863 |   3 | 1775.3 |
        Vaults |   4201 |   4022 |    179 |    244 |   2620 |   3 | 1400.3 |
         Abyss |     14 |     14 |      0 |      0 |      0 |   1 |   14.0 |
        Bazaar |    147 |    147 |      0 |      0 |     49 |   1 |  147.0 |
      Ice Cave |    743 |    743 |      0 |    373 |      0 |   1 |  743.0 |
       Volcano |    257 |    257 |      0 |     97 |      0 |   1 |  257.0 |
    Desolation |   2194 |   2194 |      0 |    783 |    531 |   1 | 2194.0 |
               +--------+--------+--------+--------+--------+-----+--------+

Top non-repeatable levels by time:
    D:10: 4620 daAuts
   Elf:3: 2813 daAuts
  Lair:4: 2413 daAuts
Desolation: 2194 daAuts
Vaults:1: 2045 daAuts
     D:4: 1984 daAuts
Spider:4: 1960 daAuts
    D:14: 1824 daAuts
Shoals:4: 1802 daAuts
  Lair:6: 1654 daAuts
Spider:2: 1537 daAuts
  Lair:2: 1518 daAuts
   Elf:2: 1514 daAuts
  Lair:5: 1453 daAuts
     D:9: 1452 daAuts
